 Dungeon Crawl Stone Soup version 0.19.3-4-gbf9329e (webtiles) character file.

1395 Naow the Infuser (level 8, -12/41 HPs)
             Began as a Deep Elf Conjurer on Jan 26, 2017.
             Mangled by an orc warrior
             ... wielding a +0 glaive
              (28 damage)
             ... on level 6 of the Dungeon.
             The game lasted 00:09:23 (5745 turns).

Naow the Infuser (Deep Elf Conjurer)                Turns: 5745, Time: 00:09:24

Health: -12/41     AC:  4    Str:  5    XL:     8   Next: 41%
Magic:  6/22       EV: 13    Int: 23    God:
Gold:   280        SH:  0    Dex: 15    Spells: 4 memorised, 11 levels left

rFire  . . .     SeeInvis .     B - -3 dagger (curse)
rCold  . . .     Gourm    .     a - +1 robe
rNeg   . . .     Faith    .     (no shield)
rPois  .         Spirit   .     (no helmet)
rElec  .         Reflect  .     (no cloak)
rCorr  .         Harm     .     (no gloves)
MR     .....                    y - +0 pair of boots
Stlth  ++........               j - amulet of rage
                                o - +4 ring of slaying
                                i - ring of wizardry

@: no status effects
A: no striking features
a: Evoke Berserk Rage


You were on level 6 of the Dungeon.
You were not hungry.

You visited 1 branch of the dungeon, and saw 6 of its levels.

You collected 280 gold pieces.

Inventory:

Hand Weapons
 u - a +0 short sword
 B - a cursed -3 dagger (weapon)
Armour
 a - a +1 robe (worn)
 y - a +0 pair of boots (worn)
Jewellery
 h - an uncursed ring of fire
 i - a ring of wizardry (left hand)
 j - an amulet of rage (around neck)
 o - a +4 ring of slaying (right hand)
 p - a +3 ring of strength
Wands
 e - a wand of flame (21/48)
 w - a wand of paralysis (13/24)
Scrolls
 f - 2 scrolls of fog
 l - 3 scrolls of remove curse
 n - a scroll of noise {unknown}
 t - 2 scrolls of blinking {unknown}
 x - a scroll of identify
 A - a scroll of magic mapping {unknown}
Potions
 d - a potion of experience
 g - a potion of might
 k - a potion of agility {unknown}
 q - a potion of beneficial mutation
 r - 2 potions of curing {unknown}
 s - 2 potions of lignification {unknown}
 z - a potion of flight {unknown}
Books
 b - a book of Conjurations

   Spells                             Type                      Level
   a - Magic Dart                     Conjuration                  1
   b - Searing Ray                    Conjuration                  2
   c - Dazzling Spray                 Conjuration/Hexes            3
   d - Fulminant Prism                Conjuration/Hexes            4
   e - Iskenderun's Mystic Blast      Conjuration                  4
   f - Iskenderun's Battlesphere      Conjuration/Charms           5
Comestibles
 c - 5 bread rations
 m - 2 meat rations
 v - 2 fruits


   Skills:
 - Level 2.4 Dodging
 - Level 2.4 Stealth
 + Level 8.2 Spellcasting
 - Level 7.0 Conjurations
 * Level 9.8 Charms


You had 11 spell levels left.
You knew the following spells:

 Your Spells              Type           Power        Failure   Level  Hunger
a - Magic Dart            Conj           ####         1%          1    None
b - Searing Ray           Conj           #####.       1%          2    None
c - Iskenderun's Battles  Conj/Chrm      #####...     4%          5    #####..
d - Iskenderun's Mystic   Conj           #####...     1%          4    ###....


Dungeon Overview and Level Annotations

Branches:
Dungeon (6/15)
 Temple: D:4-7

Altars:
Qazlal
Xom


Message History

The orc warrior hits you but does no damage.
The searing ray hits the orc warrior.
The orc warrior is severely wounded.
The searing ray misses the orc warrior.
You finish channeling your searing ray.
The orc warrior misses you.
Casting: Searing Ray
Confirm with . or Enter, or press ? or * to list all spells.
Aiming: Searing Ray
Press: ? - help, Shift-Dir - straight line, f/p - orc warrior
Aim: an orc warrior, wielding a glaive and wearing a plate armour (severely wounded)
The searing ray hits the orc warrior.
The orc warrior is severely wounded. (Press . to maintain the ray.)
The orc warrior hits you from afar with a glaive!!
Ouch! That really hurt!
The searing ray hits the orc warrior.
The orc warrior is almost dead.
The orc warrior hits you from afar with a glaive!!
Ouch! That really hurt!
You die...

#### # ###@.##
....#####.....##
.......<.....o....
#####.........)....
#####..........
#....###... ....##
#.. .....# #.
....##


You could see an orc warrior.

Vanquished Creatures
  Eustachio (D:4)
  Menkaure (D:4)
  A sky beast (D:4)
  2 ogres
  A phantom (D:4)
  A centaur (D:5)
  A howler monkey (D:3)
  2 crimson imps (D:5)
  A centaur skeleton (D:5)
  A hound (D:5)
  3 orc wizards
  3 orc priests
  A bullfrog skeleton (D:5)
  Natasha (thrice) (D:3)
  Ijyb (D:3)
  2 worker ants
  A hound skeleton (D:4)
  8 adders
  An ooze (D:2)
  An adder skeleton (D:3)
  3 worms
  A dart slug (D:2)
  2 leopard geckos
  15 orcs
  A ball python (D:2)
  8 bats
  3 giant cockroaches
  5 goblins
  5 hobgoblins
  8 jackals
  3 quokkas
  7 frilled lizards
  A jackal skeleton (D:5)
  11 kobolds
  4 rats
113 creatures vanquished.

Notes
Turn   | Place    | Note
-------+----------+-------------------------------------------
     0 | D:1      | Naow the Deep Elf Conjurer began the quest for the Orb.
     0 | D:1      | Reached XP level 1. HP: 10/10 MP: 6/6
   510 | D:1      | Reached XP level 2. HP: 15/15 MP: 5/8
   656 | D:2      | Reached skill level 5 in Conjurations
   784 | D:2      | Reached XP level 3. HP: 19/19 MP: 8/10
   788 | D:2      | Learned a level 2 spell: Searing Ray
  1450 | D:2      | Found a stormy altar of Qazlal.
  1498 | D:2      | Reached XP level 4. HP: 24/24 MP: 6/12
  2000 | D:3      | Noticed Ijyb
  2004 | D:3      | Noticed Natasha
  2005 | D:3      | Killed Ijyb
  2010 | D:3      | Killed Natasha
  2010 | D:3      | Reached XP level 5. HP: 23/28 MP: 3/14
  2128 | D:3      | Learned a level 5 spell: Iskenderun's Battlesphere
  2133 | D:3      | Learned a level 4 spell: Iskenderun's Mystic Blast
  2372 | D:3      | Noticed Natasha
  2376 | D:3      | Killed Natasha
  2428 | D:3      | Reached skill level 5 in Spellcasting
  2893 | D:3      | Noticed Natasha
  2897 | D:3      | Killed Natasha
  2897 | D:3      | Reached XP level 6. HP: 27/32 MP: 11/16
  2999 | D:4      | Reached skill level 1 in Charms
  3165 | D:4      | Noticed Menkaure
  3169 | D:4      | Killed Menkaure
  3169 | D:4      | Reached skill level 3 in Charms
  3512 | D:4      | Noticed Eustachio
  3752 | D:4      | Noticed a sky beast
  3758 | D:4      | Killed a sky beast
  3758 | D:4      | Reached skill level 4 in Charms
  3758 | D:4      | Reached XP level 7. HP: 24/36 MP: 10/18
  3866 | D:4      | Reached skill level 5 in Charms
  4078 | D:4      | Reached skill level 6 in Charms
  4445 | D:4      | Killed Eustachio
  4445 | D:4      | Reached skill level 7 in Charms
  4597 | D:5      | Entered Level 5 of the Dungeon
  4628 | D:5      | Reached skill level 8 in Charms
  4678 | D:5      | Reached XP level 8. HP: 36/41 MP: 14/21
  5227 | D:5      | Found a shimmering altar of Xom.
  5233 | D:5      | Reached skill level 9 in Charms
  5745 | D:6      | Mangled by an orc warrior

Skill      XL: |  1  2  3  4  5  6  7  8 |
---------------+-------------------------+-----
Conjurations   | 5 6 7 |  7.0
Spellcasting   | 4 5 6 7 8 |  8.2
Charms         | 4 8 9 |  9.8
Dodging        | |  2.4
Stealth        | |  2.4

Action                   |  1- 3 |  4- 6 |  7- 9 || total
-------------------------+-------+-------+-------++-------
 Cast: Magic Dart        |    62 |   112 |   102 ||   276
       Searing Ray       |     2 |     9 |    14 ||    25
       Iskenderun's Batt |       |       |     3 ||     3
  Use: Scroll            |       |     7 |       ||     7
  Eat: Chunk             |     2 |     6 |     7 ||    15
Armor: Robe              |       |     4 |     5 ||     9
Dodge: Dodged            |     5 |    20 |    20 ||    45
